 Dungeon Crawl Stone Soup version 0.20-a0-736-gd3249da (webtiles) character file.

112 Magnus the Magician (level 4, 0/24 HPs)
             Began as a Deep Elf Wizard on Feb 23, 2017.
             Slain by a gnoll
             ... wielding a +0 halberd
              (13 damage)
             ... on level 2 of the Dungeon.
             The game lasted 00:10:23 (1711 turns).

Magnus the Magician (Deep Elf Wizard)               Turns: 1711, Time: 00:10:24

Health: 0/24       AC:  2    Str:  4    XL:     4   Next: 64%
Magic:  8/14       EV: 13    Int: 24    God:
Gold:   139        SH:  0    Dex: 13    Spells: 6/15 levels left

rFire    . . .     SeeInvis .   (no weapon)
rCold    . . .     Gourm    .   a - +0 robe
rNeg     . . .     Faith    .   (no shield)
rPois    .         Spirit   .   b - +0 hat
rElec    .         Reflect  .   (no cloak)
rCorr    .         Harm     .   (no gloves)
MR       .....                  (no boots)
Stlth    ++........             (no amulet)
Regen    0.1/turn               (no ring)
MPRegen  0.2/turn               (no ring)

@: no status effects
A: no striking features
a: no special abilities


You were on level 2 of the Dungeon.
You were not hungry.

You visited 1 branch of the dungeon, and saw 2 of its levels.

You collected 139 gold pieces.

Inventory:

Hand Weapons
 h - a +2 dagger of holy wrath
Armour
 a - a +0 robe (worn)
 b - a +0 hat (worn)
Scrolls
 e - 5 scrolls of identify {unknown}
 i - 3 scrolls of remove curse {unknown}
 n - 2 scrolls of teleportation {unknown}
 o - a scroll of enchant armour {unknown}
 p - a scroll of amnesia {unknown}
Potions
 f - 2 potions of mutation {unknown}
 g - a potion of lignification {unknown}
 j - 2 potions of curing {unknown}
 k - a potion of berserk rage {unknown}
Books
 c - a book of Minor Magic

   Spells                             Type                      Level
   a - Magic Dart                     Conjuration                  1
   b - Blink                          Translocation                2
   c - Call Imp                       Summoning                    2
   d - Slow                           Hexes                        2
   e - Conjure Flame                  Conjuration/Fire             3
   f - Mephitic Cloud                 Conjuration/Poison/Air       3
Comestibles
 d - a bread ration
 l - 3 meat rations
 m - a royal jelly


   Skills:
 - Level 2.4 Dodging
 - Level 2.4 Stealth
 + Level 6.2 Spellcasting
 + Level 3.4 Conjurations
 - Level 1.1 Summonings
   Level 1.1 Translocations


You had 6 spell levels left.
You knew the following spells:

 Your Spells              Type           Power        Failure   Level  Hunger
a - Magic Dart            Conj           ###.         1%          1    None
b - Call Imp              Summ           ##......     10%         2    None
c - Conjure Flame         Conj/Fire      ###.....     14%         3    None
d - Mephitic Cloud        Conj/Pois/Air  ##......     17%         3    None


Dungeon Overview and Level Annotations

Branches:
Dungeon (2/15)

Altars:
Fedhas
Nemelex Xobeh


Message History

Casting: Magic Dart
Confirm with . or Enter, or press ? or * to list all spells.
Aiming: Magic Dart
Press: ? - help, Shift-Dir - straight line, f/p - gnoll
Aim: a gnoll, wielding a halberd (moderately wounded)
The magic dart hits the gnoll.
The gnoll is moderately wounded.
Your crimson imp hits the gnoll.
The gnoll hits you from afar with a halberd!
Casting: Magic Dart
Confirm with . or Enter, or press ? or * to list all spells.
Aiming: Magic Dart
Press: ? - help, Shift-Dir - straight line, f/p - gnoll
Aim: a gnoll, wielding a halberd (moderately wounded)
The magic dart hits the gnoll.
The gnoll is almost dead.
Your crimson imp closely misses the gnoll.
The gnoll hits you from afar with a halberd!
Ouch! That really hurt!
You die...

##.# #..#
#..........†...... #.#
#..# #..###.#†.......##
##.###..# #..#
#...#.###..#
......÷.###..###)###.##
.#
.#..(.)...............#
#
.......#########.#.###.#
###.#### #.#.# ... #.#
#.#.###.##. ###.#
#@#....# # .##.#
#.#.#.## .##.# #g....#
.##.# #5....#### ..#.#
###......... ....#
#.........#. ..###
#.§......... .##
#######.........##. <#
#...PPP...........


You could see a gnoll and a friendly crimson imp.

Vanquished Creatures
  3 gnolls
  2 adders (D:2)
  A leopard gecko (D:1)
  7 goblins
  5 hobgoblins
  3 jackals (D:2)
  2 kobolds (D:1)
  5 bats
  2 frilled lizards (D:1)
  7 rats
37 creatures vanquished.

Vanquished Creatures (collateral kills)
  Ijyb (D:2)
  An adder (D:2)
  2 goblins (D:2)
  A hobgoblin (D:2)
  A quokka (D:2)
  A kobold (D:2)
7 creatures vanquished.

Vanquished Creatures (others)
  2 fungi (D:2)
2 creatures vanquished.

Grand Total: 46 creatures vanquished

Notes
Turn   | Place    | Note
-------+----------+-------------------------------------------
     0 | D:1      | Magnus the Deep Elf Wizard began the quest for the Orb.
     0 | D:1      | Reached XP level 1. HP: 10/10 MP: 7/7
   265 | D:1      | Reached XP level 2. HP: 15/15 MP: 5/9
   311 | D:1      | Reached skill level 5 in Spellcasting
   562 | D:1      | Reached XP level 3. HP: 19/19 MP: 8/11
   860 | D:1      | Learned a level 2 spell: Call Imp
   864 | D:1      | Learned a level 3 spell: Conjure Flame
   868 | D:1      | Learned a level 3 spell: Mephitic Cloud
   911 | D:2      | Found a sparkling altar of Nemelex Xobeh.
  1225 | D:2      | Reached XP level 4. HP: 11/24 MP: 3/13
  1336 | D:2      | Found a blossoming altar of Fedhas.
  1393 | D:2      | Noticed Ijyb
  1410 | D:2      | Reached skill level 6 in Spellcasting
  1607 | D:2      | Killed Ijyb
  1711 | D:2      | Slain by a gnoll

Vault maps used:
D:1:      elethiomel_arrival_fortress_basement, minmay_pentomino_p4
D:2:      fedhas_altar_3, overflow_temple_1_default, uniq_iyjb

Skill      XL: |  1  2  3  4 |
---------------+-------------+-----
Spellcasting   | 5 6 |  6.2
Conjurations   | 2 3 |  3.4
Dodging        | |  2.4
Stealth        | |  2.4
Summonings     | |  1.1
Translocations | |  1.1

Action                   |  1- 3 |  4- 6 || total
-------------------------+-------+-------++-------
 Cast: Magic Dart        |    63 |    19 ||    82
       Conjure Flame     |     2 |       ||     2
       Mephitic Cloud    |     1 |     3 ||     4
       Call Imp          |       |     7 ||     7
  Eat: Chunk             |       |     2 ||     2
Dodge: Dodged            |     5 |     7 ||    12
